 Dungeon Crawl Stone Soup version 0.27.1-35-g4d5d836560 (webtiles) character file.

Game seed: 7151158668758607548

772 Delamore the Cutter (level 7, -1/45 HPs)
             Began as an Octopode Brigand on May 15, 2022.
             Was an Initiate of Gozag.
             Slain by a hound (5 damage)
             ... on level 5 of the Dungeon.
             The game lasted 00:04:43 (2937 turns).

Delamore the Cutter (Octopode Brigand)              Turns: 2937, Time: 00:04:44

Health: -1/45      AC:  1    Str: 17    XL:     7   Next: 83%
Magic:  7/7        EV: 12    Int: 13    God:    Gozag
Gold:   200        SH:  6    Dex: 15    Spells: 6/6 levels left

rFire    . . .     SeeInvis .   a - +2 dagger
rCold    . . .     Faith    .   w - +2 buckler
rNeg     . . .     Spirit   .   (helmet restricted)
rPois    .         Reflect  .   l - amulet of regeneration
rElec    .         Harm     .   d - +6 ring of strength
rCorr    +         Rampage  .   r - ring of resist corrosion
Will     .....                  (no ring)
Stlth    ++++......             (no ring)
HPRegen  1.15/turn              (no ring)
MPRegen  0.10/turn              (no ring)
                                (no ring)
                                (no ring)

@: gold aura
A: almost no armour, amphibious, 8 rings, camouflage 1, gelatinous body 1,
(nimble swimmer 1), tentacles
a: Renounce Religion, Potion Petition, Call Merchant, Bribe Branch


You were on level 5 of the Dungeon.
You worshipped Gozag.
Gozag was aware of your devotion.
You visited 1 branch of the dungeon, and saw 5 of its levels.

You collected 243 gold pieces.
You paid 43 gold pieces to Gozag.

Inventory:

Hand Weapons
 a - a +2 dagger (weapon)
 e - a +0 antimagic hand axe
 p - a +0 rapier
Missiles
 b - 24 poisoned darts
 c - a curare-tipped dart (quivered)
 u - 2 boomerangs
Armour
 m - a +0 buckler
 w - a +2 buckler (worn)
Jewellery
 d - a +6 ring of strength (left tentacle)
 l - an amulet of regeneration (around mantle)
 o - an amulet of faith
 r - a ring of resist corrosion (right tentacle)
Wands
 s - a wand of acid (7)
Scrolls
 g - a scroll of teleportation
 h - a scroll of immolation
 i - a scroll of fog
 j - a scroll of torment {unknown}
 k - a scroll of noise {unknown}
 v - a scroll of blinking
Potions
 f - a potion of curing {unknown}
 q - 2 potions of might {unknown}
 t - a potion of heal wounds {unknown}
 x - a potion of cancellation {unknown}
 z - a potion of mutation {unknown}
 A - a potion of haste {unknown}


   Skills:
 - Level 2.0 Fighting
 * Level 6.7 Short Blades
 + Level 4.8 Throwing
 - Level 1.0 Dodging
 - Level 5.7 Stealth
 + Level 2.4 Shields


You had 6 spell levels left.
You didn't know any spells.
Your spell library contained the following spells:

 Spells                   Type           Power      Damage    Failure   Level
 Animate Skeleton         Necr           0%         N/A       36%         1
 Apportation              Tloc           0%         N/A       36%         1
 Corona                   Hex            0%         N/A       36%         1
 Summon Small Mammal      Summ           0%         N/A       36%         1
 Iskenderun's Battlesphe  Conj           0%         2d6       100%        5
 Iron Shot                Conj/Erth      0%         9d1       100%        6
 Spellforged Servitor     Conj/Summ      0%         N/A       100%        7


Dungeon Overview and Level Annotations

Branches:
Dungeon (5/15)             Temple (0/1) D:4

Altars:
Cheibriados
Fedhas
Gozag
Uskayaw
Vehumet

Annotations:
D:5 Blork the orc


Innate Abilities, Weirdness & Mutations

You cannot wear most types of armour.
You are amphibious.
You can wear up to eight rings at the same time.
Your skin changes colour to match your surroundings (Stealth+).
Your rubbery body absorbs attacks. (AC +1, EV +1)
((You are camouflaged near water. (Stealth+)))
You have tentacles for arms and can constrict up to eight enemies at once.


Message History

You are too injured to fight recklessly!
You are too injured to fight recklessly!
You closely miss the phantom.
The phantom is almost destroyed.
The hound bites you. The phantom hits you.
You hit the phantom.
You destroy the phantom!
The hound bites you.
* * * LOW HITPOINT WARNING * * *
The hound completely misses you. The bullfrog zombie barely misses you.
The hound barely misses you. The bullfrog zombie hits you!
* * * LOW HITPOINT WARNING * * *
You see here 7 gold pieces.
The hound closely misses you. The hound misses you.
Throw: 2 darts (curare)
Press: ? - help, Q - select action, (/) - cycle Shift-Dir - straight line, f - hound
Aim: a hound (51% to hit)
You throw a curare-tipped dart. The curare-tipped dart hits the hound.
The hound is poisoned.
The hound convulses.
The hound seems to slow down.
The hound is heavily wounded.
The bullfrog zombie hits you.
* * * LOW HITPOINT WARNING * * *
The hound closely misses you.
You miss the hound. Your grab misses the hound. Your squeeze misses the hound.
The hound is heavily wounded.
The bullfrog zombie hits you.
* * * LOW HITPOINT WARNING * * *
You hit the hound. You grab the hound.
The hound is heavily wounded.
You constrict the hound. The hound closely misses you.
The bullfrog zombie hits you.
* * * LOW HITPOINT WARNING * * *
You hit the hound.
The hound is severely wounded.
You constrict the hound. You block the bullfrog zombie's attack.
The hound bites you.
You die...
Your body crumbles into a pile of gold.

#..........#.....#
#......#.........#
#..........#.....#
#...##.....#.....
#.........####...
#....##...#. .##..
#.....#..... . ..
#....##..... . .#.#
#@...#....P♣ . #...#
#hZ..#....P♣ . .....#
#$......#..
......##......##..
##.....#....$......
...........##...#.##
.............?.##..######
#......#......##....#..#.
.#.....##...#............


You could see a hound (very poisoned, slow) and a bullfrog zombie.

Vanquished Creatures
  Grinder (D:3)
  A black bear (D:4)
  An ogre (D:5)
  A phantom (D:5)
  A water moccasin skeleton (D:5)
  A hound (D:5)
  An iguana (D:4)
  Ijyb (D:5)
  6 adders
  3 gnolls (D:2)
  A howler monkey skeleton (D:4)
  An adder skeleton (D:4)
  4 worms
  4 dart slugs
  3 orcs (D:5)
  3 bats
  7 endoplasms
  2 giant cockroaches
  7 goblins
  5 hobgoblins
  4 jackals (D:3)
  6 kobolds
  2 quokkas (D:1)
  8 ball pythons
  4 frilled lizards
  2 rats
80 creatures vanquished.

Vanquished Creatures (others)
  6 fungi (D:2)
  4 plants (D:2)
10 creatures vanquished.

Grand Total: 90 creatures vanquished

Notes
Turn   | Place    | Note
-------+----------+-------------------------------------------
     0 | D:1      | Delamore the Octopode Brigand began the quest for the Orb.
     0 | D:1      | Reached XP level 1. HP: 14/14 MP: 1/1
   136 | D:1      | Reached XP level 2. HP: 16/19 MP: 2/2
   790 | D:2      | Reached XP level 3. HP: 13/24 MP: 3/3
   799 | D:2      | Reached skill level 3 in Short Blades
   959 | D:2      | Found a faded altar of an unknown god.
  1087 | D:2      | Reached XP level 4. HP: 29/29 MP: 4/4
  1678 | D:3      | Reached skill level 4 in Short Blades
  1704 | D:3      | Noticed Grinder
  1714 | D:3      | Killed Grinder
  1715 | D:3      | Reached skill level 5 in Short Blades
  1715 | D:3      | Reached XP level 5. HP: 32/34 MP: 5/5
  1715 | D:3      | Reached XP level 6. HP: 36/39 MP: 6/6
  2173 | D:4      | Found a radiant altar of Vehumet.
  2173 | D:4      | Found an opulent altar of Gozag.
  2173 | D:4      | Found a snail-covered altar of Cheibriados.
  2175 | D:4      | Found a hide-covered altar of Uskayaw.
  2182 | D:4      | Became a worshipper of Gozag Ym Sagoz the Greedy
  2188 | D:4      | Noticed a black bear
  2198 | D:4      | Killed a black bear
  2199 | D:4      | Reached skill level 1 in Shields
  2199 | D:4      | Reached XP level 7. HP: 33/45 MP: 7/7
  2287 | D:4      | Found a blossoming altar of Fedhas.
  2639 | D:4      | Found a staircase to the Ecumenical Temple.
  2752 | D:5      | Entered Level 5 of the Dungeon
  2811 | D:5      | Reached skill level 6 in Short Blades
  2827 | D:5      | Noticed Blork the orc
  2838 | D:5      | Noticed Ijyb
  2855 | D:5      | Killed Ijyb
  2937 | D:5      | Slain by a hound

Illustrated notes

Levels and vault maps discovered:
D:1:      amcnicky_arrival_flooded_fountain, layout_rooms, minivault_23
D:2:      minmay_inner_zag, layout_basic,
          shapermc_ecumenical_altar_mp_urbaneastern, minmay_hedge_maze
D:3:      layout_rooms, uniq_grinder
D:4:      layout_loops_ring, fedhas_altar_2,
          chequers_temple_overflow_statue_of_worship,
          minmay_temple_entry_stoned_glass
D:5:      layout_cave_pools, portal_sewer_entry_b, corexii_shack, st_stairs_2,
          hangedman_decor_diamond_cutter, serial_park_tiny_2,
          uniq_blork_the_orc, uniq_ijyb

Skill      XL: |  1  2  3  4  5  6  7 |
---------------+----------------------+-----
Short Blades   | 3 5 6 |  6.7
Throwing       | 3 4 |  4.8
Shields        | 1 2 |  2.4
Fighting       | |  2.0
Dodging        | |  1.0
Stealth        | |  5.7

Action                   |  1- 3 |  4- 6 |  7- 9 || total
-------------------------+-------+-------+-------++-------
Melee: Dagger            |    39 |    64 |    65 ||   168
       Tentacles         |     4 |    15 |    15 ||    34
       Constrict         |     4 |    20 |    10 ||    34
Throw: Dart              |       |     8 |     3 ||    11
Evoke: Wand              |       |       |     4 ||     4
  Use: Scroll            |     1 |       |     3 ||     4
 Stab: Sleeping          |    16 |     8 |     5 ||    29
Armor: Skin              |     5 |     1 |     1 ||     7
Dodge: Dodged            |    12 |    20 |    28 ||    60
Block: Buckler           |       |     3 |    12 ||    15
